 Dungeon Crawl Stone Soup version 0.28-a0-1493-g08698888e4 (webtiles) character file.

Game seed: 6382943990327118916

319 Zonian the Ducker (level 6, -4/40 HPs)
             Began as a Djinni Ice Elementalist on Jan 13, 2022.
             Slain by an iguana (14 damage)
             ... on level 4 of the Dungeon.
             The game lasted 00:09:30 (5586 turns).

Zonian the Ducker (Djinni Ice Elementalist)         Turns: 5586, Time: 00:09:31

Health: -4/40      AC:  2    Str:  7    XL:     6   Next: 75%
Gold:   119        EV: 13    Int: 18    God:
                   SH:  0    Dex: 14

rFire   + + +      SeeInvis .   e - +2 hand axe (flame)
rCold   x . .      Faith    .   (no shield)
rNeg    . . .      Spirit   .   a - +0 robe
rPois   ∞          Reflect  .   (no helmet)
rElec   .          Harm     .   (no cloak)
rCorr   .          Rampage  .   (no gloves)
Will    .....                   (boots unavailable)
Stlth   ++........              j - amulet of the acrobat
HPRegen 0.13/turn               g - ring of protection from fire
MPRegen 0.00/turn               (no ring)

@: flying
A: sickness immunity, fire resistance 2, cold vulnerability 1, float, innate
caster, hp casting, extra vitality 1
a: no special abilities


You were on level 4 of the Dungeon.
You visited 1 branch of the dungeon, and saw 4 of its levels.

You collected 119 gold pieces.

Inventory:

Hand Weapons
 c - a +0 whip
 e - a +2 hand axe of flaming (weapon)
Armour
 a - a +0 robe (worn)
Jewellery
 g - a ring of protection from fire (left hand)
 j - an amulet of the acrobat (around neck)
Scrolls
 b - 3 scrolls of teleportation
 i - a scroll of identify
Potions
 d - a potion of lignification {unknown}
 f - a potion of ambrosia
 h - a potion of heal wounds {unknown}


   Skills:
 + Level 0.5 Axes
 + Level 4.4 Dodging
 + Level 3.5 Stealth
 + Level 4.2 Spellcasting


You couldn't memorise any spells.
You knew the following spells:

 Your Spells              Type           Power      Damage    Failure   Level
a - Freeze                Ice            76%        1d9       2%          1
b - Frozen Ramparts       Ice            38%        1d5       8%          3
c - Ozocubu's Armour      Ice            19%        N/A       8%          3
d - Hailstorm             Conj/Ice       19%        3d6       24%         4
e - Sting                 Tmut/Pois      76%        1d6       2%          1
f - Call Imp              Summ           19%        N/A       3%          2
Your spell library was empty.

Dungeon Overview and Level Annotations

Branches:
Dungeon (4/15)
 Temple: D:4-7

Altars:
Fedhas
Hepliaklqana
Kikubaaqudgha
Nemelex Xobeh
Yredelemnul

Shops:
D:4 [


Innate Abilities, Weirdness & Mutations

You are immune to sickness and miasma.
You are immune to poison.
Your flesh is very heat resistant. (rF++)
You are vulnerable to cold. (rC-)
You float through the air rather than walking.
You learn spells naturally, not from books.
Your magical power is your life essence.
You have superior vitality. (+4 MHP)


Message History

Done waiting.
You start waiting.
Done waiting.
Unknown command.
There is an open door here.
There is an open door here.
Things that are here:
a +0 robe; a curare-tipped dart; a +0 dagger
There is a stone staircase leading down here.
You fly downwards.
There is a stone staircase leading up here.
Unknown command.
There is an entrance to Qotiuch's Armour Boutique here.
You can access your shopping list by pressing '$'.
Unknown command.
You catch the helpless iguana completely off-guard!
You hit the iguana. You burn the iguana.
The iguana is lightly wounded.
The iguana bites you.
You hit the iguana but do no damage.
The iguana is lightly wounded.
The iguana misses you.
You hit the iguana but do no damage.
The iguana is lightly wounded.
The iguana bites you! The iguana misses you.
Unknown command.
You freeze the iguana.
The iguana is moderately wounded.
The iguana closely misses you.
You freeze the iguana.
The iguana is severely wounded.
The iguana seems to slow down.
You freeze the iguana.
The iguana is severely wounded.
The iguana seems to slow down.
The iguana bites you!
* * * LOW HITPOINT WARNING * * *
You hit the iguana but do no damage.
The iguana is severely wounded.
The iguana bites you!
You die...

............<#.#
..........[...#.##.
#####...............
#....#...#......
#.....#.#..###..
#......∩...# .
#.....#.#..#
...#.#...#.#
.###....@..#
...##...l...# ...
#.#####.# ... #. .#
. .. ##.


You could see an iguana (slow).

Vanquished Creatures
  A kobold brigand (D:3)
  A scorpion (D:4)
  2 hounds (D:4)
  A gnoll (D:4)
  4 adders
  A worm (D:3)
  A dart slug (D:2)
  An orc (D:4)
  5 ball pythons
  9 endoplasms
  3 giant cockroaches
  15 goblins
  13 hobgoblins
  4 jackals (D:2)
  3 kobolds
  A quokka (D:3)
  5 bats
  5 frilled lizards
  5 rats
80 creatures vanquished.

Vanquished Creatures (others)
  A demonspawn (D:1)
  A vine stalker (D:1)
  An elf (D:1)
  A merfolk (D:1)
  A formicid (D:1)
  A human (D:1)
  A naga (D:1)
  A dwarf (D:1)
  An ogre (D:1)
  A tengu (D:1)
  A felid (D:1)
  A mummy (D:1)
  7 tentacles (D:1)
19 creatures vanquished.

Grand Total: 99 creatures vanquished

Notes
Turn   | Place    | Note
-------+----------+-------------------------------------------
     0 | D:1      | Zonian the Djinni Ice Elementalist began the quest for the
                  | Orb.
     0 | D:1      | Reached XP level 1. HP: 15/15 MP: 0/0
     0 | D:1      | Noticed an elf
     0 | D:1      | Noticed a human
     0 | D:1      | Noticed a dwarf
     0 | D:1      | Noticed an ogre
     0 | D:1      | Noticed a tengu
     0 | D:1      | Noticed a kraken
     0 | D:1      | Noticed a merfolk
     0 | D:1      | Noticed a formicid
     0 | D:1      | Noticed a felid
     0 | D:1      | Noticed a vine stalker
     0 | D:1      | Noticed a demonspawn
     0 | D:1      | Noticed a naga
     4 | D:1      | Killed a formicid
     5 | D:1      | Killed a felid
     6 | D:1      | Killed a vine stalker
     7 | D:1      | Killed a tengu
     9 | D:1      | Killed a merfolk
    12 | D:1      | Killed a human
    13 | D:1      | Killed an elf
    14 | D:1      | Killed a dwarf
    15 | D:1      | Killed an ogre
    16 | D:1      | Killed a naga
    17 | D:1      | Killed a demonspawn
   387 | D:1      | Reached XP level 2. HP: 10/21 MP: 0/0
  1351 | D:1      | Reached XP level 3. HP: 25/25 MP: 0/0
  1351 | D:1      | Learned a level 1 spell: Sting
  2097 | D:2      | Found a sparkling altar of Nemelex Xobeh.
  2243 | D:2      | Found a faded altar of an unknown god.
  2437 | D:2      | Reached XP level 4. HP: 31/31 MP: 0/0
  2785 | D:2      | You are sucked into a shaft and drop 2 floors!
  2808 | D:4      | Noticed a scorpion
  2839 | D:4      | Reached XP level 5. HP: 27/35 MP: 0/0
  2839 | D:4      | Learned a level 2 spell: Call Imp
  2920 | D:4      | Found Qotiuch's Armour Boutique.
  3071 | D:3      | Noticed a kobold brigand
  3078 | D:3      | Killed a kobold brigand
  3079 | D:3      | Reached XP level 6. HP: 24/40 MP: 0/0
  3846 | D:3      | Found a sparkling altar of Nemelex Xobeh.
  3851 | D:3      | Found a basalt altar of Yredelemnul.
  3859 | D:3      | Found a hazy altar of Hepliaklqana.
  3859 | D:3      | Found a blossoming altar of Fedhas.
  5586 | D:4      | Slain by an iguana

Illustrated notes

Levels and vault maps discovered:
D:1:      nicolae_arrival_kraken_aquarium_a, layout_loops_ring,
          minmay_surrounded
D:2:      layout_loops_ring, basic_ecumenical_altar, basic_altar,
          minmay_goblin_outpost
D:3:      layout_loops_corners, minmay_overflow_temple_star_hex, serial_glass,
          glass_columns_a, glass_columns_a
D:4:      layout_loops_cross, nicolae_uskayaw_dance_hall, serial_shops,
          nicolae_shop_advertising_works [nicolae_subvault_shop_adworks],
          gammafunk_ghost_necromancy, minmay_misc_feat_diagonals

Skill      XL: |  1  2  3  4  5 |
---------------+----------------+-----
Stealth        | 2 3 |  3.5
Dodging        | 3 4 |  4.4
Spellcasting   | 4 |  4.2
Axes           | |  0.5

Action                   |  1- 3 |  4- 6 || total
-------------------------+-------+-------++-------
Melee: Whip              |    23 |       ||    23
       Hand axe          |    42 |   124 ||   166
       Punch             |       |     1 ||     1
 Cast: Freeze            |    16 |     8 ||    24
       Frozen Ramparts   |       |     3 ||     3
       Ozocubu's Armour  |       |     2 ||     2
       Call Imp          |       |     1 ||     1
       Sting             |       |     4 ||     4
  Use: Scroll            |       |     6 ||     6
       Potion            |       |     1 ||     1
 Stab: Sleeping          |     5 |    10 ||    15
       Distracted        |       |     2 ||     2
Armor: Robe              |    13 |    16 ||    29
Dodge: Dodged            |    68 |   116 ||   184

Table legend: (Time is in decaauts)
 A = Elapsed time spent in this place.
 B = Non-inter-level travel time spent in this place.
 C = Inter-level travel time spent in this place.
 D = Time resting spent in this place.
 E = Time spent auto-exploring this place.
 F = Levels seen in this place.
 G = Mean time per level.
                   A        B        C        D        E       F      G
               +--------+--------+--------+--------+--------+-----+--------+
         Total |   5640 |   5517 |    123 |   2582 |   2057 |   4 | 1410.0 |
       Dungeon |   5640 |   5517 |    123 |   2582 |   2057 |   4 | 1410.0 |
               +--------+--------+--------+--------+--------+-----+--------+

Top non-repeatable levels by time:
     D:3: 2395 daAuts
     D:1: 2080 daAuts
     D:2: 940 daAuts
     D:4: 224 daAuts
